 Dungeon Sprint DCSS version 0.17-a0-1508-ge7f3dc3 (webtiles) character file.

9756 Kidiri the Peltast (level 11, 0/76 HPs)
             Began as a Gargoyle Fighter on July 10, 2015.
             Was a High Priest of Okawaru.
             Slain by a small abomination (8 damage)
             ... while paralysed by a vampire knight
             ... in the Dungeon (Sprint VII: "The Pits").
             The game lasted 00:15:42 (2529 turns).

Kidiri the Peltast (Gargoyle Fighter)               Turns: 2529, Time: 00:15:42

Health: 0/76       AC: 30    Str: 25    XL:     11   Next: 51%
Magic:  13/18      EV:  2    Int: 12    God:    Okawaru [*****.]
Gold:   11         SH:  0    Dex: 10    Spells: 0 memorised, 10 levels left

rFire  . . .     SeeInvis .     y - +3 mace (holy)
rCold  . . .     Clarity  .     a - +3 scale mail
rNeg   + . .     SustAt   .     c - +0 shield
rPois  ∞         Gourm    .     s - +0 helmet
rElec  +         Spirit   .     b - +2 cloak
rCorr  .         Warding  .     x - +0 pair of gloves
rMut   .         NoTele   +     (no boots)
MR     .....                    (no amulet)
Stlth  +.........               u - +3 ring of intelligence
                                t - +3 ring of strength

@: paralysed, heroism, finesse, not resistant to hostile enchantments, very
unstealthy
A: negative energy resistance 1, electricity resistance, unbreathing,
petrification resistance, rot immunity, AC +7
a: Heroism, Finesse, Renounce Religion


You were in the Dungeon.
You worshipped Okawaru.
Okawaru was extremely pleased with you.
You were not hungry.

You visited 1 branch You collected 11 gold pieces.

Inventory:

Hand weapons
 w - a +2 morningstar of crushing
 y - a +3 mace of holy wrath (weapon)
 G - a +2 eveningstar of holy wrath
Missiles
 l - 4 needles of sleeping
Armour
 a - a +3 scale mail (worn)
 b - a +2 cloak (worn)
 c - a +0 shield (worn)
 s - a +0 helmet (worn)
 x - a +0 pair of gloves (worn)
Jewellery
 t - a +3 ring of strength (left hand)
 u - a +3 ring of intelligence (right hand)
Scrolls
 k - a scroll of blinking
 p - 4 scrolls of remove curse
 q - 5 scrolls of amnesia
 r - a scroll of summoning
 B - a scroll of identify
 D - 3 scrolls of fog
 E - 2 scrolls of recharging
 F - a scroll of fear
Potions
 d - 5 potions of might
 f - 8 potions of curing
 g - 8 potions of heal wounds
 h - 3 potions of haste
 i - 4 potions of magic
 j - 4 potions of berserk rage
 o - 2 potions of invisibility
 v - a potion of cure mutation
 z - 2 potions of lignification
 A - a potion of agility
Comestibles
 e - 7 bread rations
 m - 40 fruits
 n - 6 meat rations
 C - 3 chunks of flesh


   Skills:
 + Level 12.2(17.2) Fighting
 + Level 11.1(16.1) Maces & Flails
 * Level 16.3(21.3) Armour
 * Level 16.3(21.3) Shields
 - Level 9.8 Invocations


You had 10 spell levels left.
You didn't know any spells.

Dungeon Overview and Level Annotations

Branches:
Dungeon (1/1)

Altars:
Ashenzari
Cheibriados
Dithmenos
Elyvilon
Fedhas
Gozag
Kikubaaqudgha
Makhleb
Nemelex Xobeh
Okawaru
Qazlal
Ru
Sif Muna
Trog
Vehumet
Xom
Yredelemnul
Zin
The Shining One
Beogh
Jiyva
Lugonu


Innate Abilities, Weirdness & Mutations

You are resistant to torment.
Your stone body is resilient (AC +7).
You are immune to poison.
You resist negative energy.
You are resistant to electric shocks.
You can survive without breathing.
You are immune to petrification.
You are immune to rotting.


Message History

The small abomination hits you!
The hell hound bites you but does no damage.
The vampire knight hits you with a halberd!
* * * LOW HITPOINT WARNING * * *
The vampire knight bites you but does no damage.
The hell hound bites you but does no damage.
Something completely misses you.
The hell hound bites you but does no damage.
The vampire mage mumbles some strange words.
The vampire mage flickers and vanishes!
The small abomination hits you but does no damage.
The hell hound bites you but does no damage.
The vampire knight hits you with a halberd!
* * * LOW HITPOINT WARNING * * *
The vampire knight bites you but does no damage.
The hell hound bites you but does no damage.
Something hits you but does no damage.
The hell hound bites you but does no damage.
The small abomination hits you!
You die...

###################
#..................
#..................
#..################ #..'# #
#.{#.# # #.)# :# # #x†# §# #
#h@# §# # #hV################
#############..................
#__________##....((............
#__________###########'(#######
#.#####+##############''######
#_#)))+.+..##................#
#_#)))#.#?(##......#..#......#
#######+#####...(............+


You could see a vampire knight, 2 hell hounds and a small abomination.

Vanquished Creatures
  A death yak (D)
  A swamp dragon (D)
  2 sea snakes (D)
  A hill giant (D)
  A griffon (D)
  A black mamba (D)
  A guardian serpent (D)
  An orange demon (D)
  A spiny frog (D)
  2 kobold demonologists (D)
  A gargoyle (D)
  A komodo dragon (D)
  2 fire drakes (D)
  A two-headed ogre (D)
  2 merfolk (D)
  A flying skull (D)
  A snapping turtle (D)
  2 redbacks (D)
  A wyvern (D)
  A wraith (D)
  A tarantella (D)
  Grum (D)
  A steam dragon (D)
  A mottled dragon (D)
  A hippogriff (D)
  A soldier ant (D)
  2 wolves (D)
  A black bear (D)
  An ice beast (D)
  A hell hound (D)
  A sky beast (D)
  2 brain worms (D)
  A giant frog (D)
  An earth elemental (D)
  2 big kobolds (D)
  2 crimson imps (D)
  An orc priest (D)
  4 orc wizards (D)
  2 gnoll shamans (D)
  A quasit (D)
  A hell rat (D)
  6 sheep (D)
  A worker ant (D)
  A mummy (D)
  An adder (D)
  5 gnolls (D)
  A river rat (D)
  A white imp (D)
  2 ufetubi (D)
  A giant eyeball (D)
  2 oozes (D)
  An adder skeleton (D)
  A giant gecko (D)
  2 orcs (D)
  2 hobgoblins (D)
  A giant cockroach zombie (D)
  8 jackals (D)
  7 kobolds (D)
97 creatures vanquished.

Notes
Turn   | Place    | Note
--------------------------------------------------------------
     0 | D        | Kidiri the Gargoyle Fighter began the quest for the Orb.
     0 | D        | Reached XP level 1. HP: 14/14 MP: 1/1
    26 | D        | Found a sacrificial altar of Ru.
    26 | D        | Found a basalt altar of Yredelemnul.
    26 | D        | Found a shadowy altar of Dithmenos.
    26 | D        | Found a deep blue altar of Sif Muna.
    26 | D        | Found a burning altar of Makhleb.
    26 | D        | Found a shimmering altar of Xom.
    26 | D        | Found an ancient bone altar of Kikubaaqudgha.
    26 | D        | Found a sparkling altar of Nemelex Xobeh.
    27 | D        | Found a glowing golden altar of the Shining One.
    27 | D        | Found a bloodstained altar of Trog.
    27 | D        | Found a shattered altar of Ashenzari.
    27 | D        | Found a white marble altar of Elyvilon.
    27 | D        | Found a snail-covered altar of Cheibriados.
    27 | D        | Found a blossoming altar of Fedhas.
    27 | D        | Found a radiant altar of Vehumet.
    27 | D        | Found a glowing silver altar of Zin.
    27 | D        | Found a corrupted altar of Lugonu.
    27 | D        | Found a viscous altar of Jiyva.
    27 | D        | Found a roughly hewn altar of Beogh.
    27 | D        | Found an iron altar of Okawaru.
    33 | D        | Found a stormy altar of Qazlal.
    33 | D        | Found an opulent altar of Gozag.
    36 | D        | Became a worshipper of Warmaster Okawaru
   104 | D        | Reached skill level 4 in Shields
   106 | D        | Reached XP level 2. HP: 14/19 MP: 2/2
   134 | D        | Reached skill level 1 in Invocations
   150 | D        | Reached XP level 3. HP: 24/24 MP: 4/4
   152 | D        | Noticed a crimson imp
   161 | D        | Reached skill level 5 in Armour
   161 | D        | Reached skill level 5 in Shields
   173 | D        | Killed a crimson imp
   173 | D        | Reached XP level 4. HP: 22/30 MP: 5/5
   298 | D        | Noticed an orc wizard
   299 | D        | Noticed an orc wizard
   313 | D        | Noticed a flying skull
   315 | D        | Killed an orc wizard
   315 | D        | Reached skill level 6 in Armour
   336 | D        | Killed a flying skull
   336 | D        | Acquired Okawaru's first power
   336 | D        | Reached skill level 5 in Maces & Flails
   336 | D        | Reached skill level 8 in Armour
   336 | D        | Reached XP level 5. HP: 33/36 MP: 6/8
   336 | D        | Reached XP level 6. HP: 37/41 MP: 6/9
   346 | D        | Noticed an orc priest
   350 | D        | Killed an orc priest
   366 | D        | Noticed a black bear
   371 | D        | Killed an orc wizard
   371 | D        | Reached skill level 5 in Invocations
   382 | D        | Killed a black bear
   382 | D        | Reached skill level 9 in Armour
   400 | D        | Reached XP level 7. HP: 32/47 MP: 11/11
   565 | D        | Noticed a giant frog
   570 | D        | Killed a giant frog
   573 | D        | Noticed a sea snake
   582 | D        | HP: 1/47 [sea snake (14)]
   609 | D        | Killed a sea snake
   609 | D        | Reached skill level 10 in Armour
   609 | D        | Reached skill level 10 in Shields
   609 | D        | Reached XP level 8. HP: 48/54 MP: 9/13
   878 | D        | Noticed an orc wizard
   878 | D        | Noticed an orc wizard
   881 | D        | Killed an orc wizard
   890 | D        | Killed an orc wizard
   890 | D        | Reached skill level 11 in Armour
  1002 | D        | Noticed a gnoll shaman
  1002 | D        | Noticed a tarantella
  1002 | D        | Noticed a wraith
  1027 | D        | Killed a wraith
  1030 | D        | Killed a tarantella
  1043 | D        | Killed a gnoll shaman
  1212 | D        | Noticed a kobold demonologist
  1212 | D        | Noticed a kobold demonologist
  1212 | D        | Noticed a big kobold
  1212 | D        | Noticed a big kobold
  1212 | D        | Noticed a wyvern
  1216 | D        | Killed a big kobold
  1216 | D        | Paralysed by a giant eyeball for 2 turns
  1220 | D        | Noticed a rust devil
  1222 | D        | Noticed a sun demon
  1223 | D        | Paralysed by a giant eyeball for 4 turns
  1226 | D        | Noticed a hellwing
  1229 | D        | Noticed an orange demon
  1235 | D        | Noticed a hellwing
  1238 | D        | Killed a kobold demonologist
  1238 | D        | Reached skill level 12 in Armour
  1238 | D        | Reached XP level 9. HP: 48/60 MP: 13/15
  1243 | D        | Paralysed by a giant eyeball for 4 turns
  1249 | D        | Killed a hellwing
  1250 | D        | Noticed a sixfirhy
  1253 | D        | Noticed a hellwing
  1264 | D        | Killed a kobold demonologist
  1297 | D        | Killed a wyvern
  1302 | D        | Killed a big kobold
  1330 | D        | Paralysed by a giant eyeball for 4 turns
  1336 | D        | Paralysed by a giant eyeball for 2 turns
  1362 | D        | Noticed a brain worm
  1375 | D        | Killed a brain worm
  1382 | D        | Noticed an earth elemental
  1382 | D        | Noticed a redback
  1382 | D        | Noticed a sky beast
  1392 | D        | Killed a sky beast
  1396 | D        | Killed a redback
  1396 | D        | Acquired Okawaru's second power
  1409 | D        | Killed an earth elemental
  1409 | D        | Reached skill level 13 in Armour
  1445 | D        | Noticed a hill giant
  1445 | D        | Noticed a gargoyle
  1445 | D        | Noticed a steam dragon
  1463 | D        | Killed a hill giant
  1470 | D        | Killed a gargoyle
  1470 | D        | Reached XP level 10. HP: 24/68 MP: 15/17
  1476 | D        | Killed a steam dragon
  1476 | D        | Reached skill level 10 in Fighting
  1693 | D        | Noticed a black mamba
  1694 | D        | Noticed a mottled dragon
  1694 | D        | Noticed a snapping turtle
  1704 | D        | Killed a mottled dragon
  1708 | D        | Killed a black mamba
  1712 | D        | Killed a snapping turtle
  1869 | D        | Noticed a komodo dragon
  1869 | D        | Noticed a brain worm
  1870 | D        | Noticed a worker ant
  1870 | D        | Noticed a soldier ant
  1870 | D        | Noticed a hell rat
  1871 | D        | Killed a hell rat
  1874 | D        | Killed a worker ant
  1877 | D        | Killed a brain worm
  1877 | D        | Reached skill level 14 in Armour
  1885 | D        | Killed a soldier ant
  1894 | D        | Killed a komodo dragon
  1908 | D        | Noticed a hippogriff
  1908 | D        | Noticed an orange demon
  1908 | D        | Noticed a spiny frog
  1914 | D        | Killed a hippogriff
  1917 | D        | Killed a spiny frog
  1927 | D        | Killed an orange demon
  1941 | D        | Noticed a griffon
  1941 | D        | Noticed an ice beast
  1941 | D        | Noticed a redback
  1941 | D        | Noticed a crimson imp
  1941 | D        | Noticed a fire drake
  1941 | D        | Noticed Grum
  1941 | D        | Noticed a wolf
  1941 | D        | Noticed a wolf
  1942 | D        | Noticed a swamp dragon
  1944 | D        | Noticed a fire drake
  1944 | D        | Noticed a quasit
  1948 | D        | Noticed a sea snake
  1950 | D        | Killed an ice beast
  1957 | D        | Killed a redback
  1957 | D        | Received a gift from Okawaru
  1972 | D        | Killed a griffon
  1972 | D        | Reached skill level 10 in Maces & Flails
  1985 | D        | Killed a sea snake
  1985 | D        | Reached skill level 15 in Armour
  1985 | D        | Reached skill level 15 in Shields
  1985 | D        | Reached XP level 11. HP: 49/74 MP: 11/18
  2002 | D        | Killed a wolf
  2020 | D        | Killed a swamp dragon
  2021 | D        | Killed a quasit
  2032 | D        | Killed a fire drake
  2038 | D        | Killed a wolf
  2056 | D        | Killed a fire drake
  2060 | D        | Killed a crimson imp
  2088 | D        | Killed Grum
  2360 | D        | Noticed a guardian serpent
  2360 | D        | Noticed a merfolk
  2360 | D        | Noticed a death yak
  2361 | D        | Noticed a two-headed ogre
  2361 | D        | Noticed a merfolk
  2368 | D        | Killed a two-headed ogre
  2392 | D        | Killed a death yak
  2392 | D        | Received a gift from Okawaru
  2392 | D        | Reached skill level 16 in Armour
  2437 | D        | Killed a merfolk
  2454 | D        | Killed a merfolk
  2494 | D        | Noticed a gnoll shaman
  2497 | D        | Noticed a hell hound
  2501 | D        | Killed a gnoll shaman
  2509 | D        | Noticed a hell hound
  2511 | D        | Killed a hell hound
  2512 | D        | Noticed a hell hound
  2518 | D        | Noticed a vampire knight
  2523 | D        | Killed a guardian serpent
  2523 | D        | Received a gift from Okawaru
  2524 | D        | Paralysed by a vampire knight for 7 turns
  2525 | D        | Noticed a small abomination
  2527 | D        | Noticed a vampire mage
  2529 | D        | Slain by a small abomination

Vault maps used:
D:        pitsprint

Action                   |  1- 3 |  4- 6 |  7- 9 | 10-12 || total
-------------------------+-------+-------+-------+-------++-------
Melee: Mace              |    56 |    51 |    76 |   181 ||   364
       Flail             |     3 |       |       |       ||     3
       Morningstar       |       |       |   107 |    70 ||   177
Invok: Heroism           |       |       |     5 |     5 ||    10
       Finesse           |       |       |       |     4 ||     4
  Use: Potion            |     1 |     1 |     5 |     5 ||    12
       Scroll            |       |       |       |     3 ||     3
 Stab: Sleeping          |       |       |       |     1 ||     1
  Eat: Meat ration       |       |       |     1 |       ||     1
       Chunk             |       |       |       |     2 ||     2
       Bread ration      |       |       |       |     1 ||     1
